 Dungeon Crawl Stone Soup version 0.29-a0-330-g52719c12eb (webtiles) character file.

Game seed: 11542503522489125190

125 kae the Firebug (level 5, -4/33 HPs)
             Began as an Octopode Fire Elementalist on Apr 18, 2022.
             Killed from afar by an orc wizard (6 damage)
             ... with a magic dart
             ... on level 3 of the Dungeon.
             The game lasted 00:02:01 (2660 turns).

kae the Firebug (Octopode Fire Elementalist)        Turns: 2660, Time: 00:02:01

Health: -4/33      AC:  1    Str:  7    XL:     5   Next: 9%
Magic:  0/8        EV: 13    Int: 20    God:
Gold:   100        SH:  0    Dex: 12    Spells: 7/8 levels left

rFire   + . .      SeeInvis .   c - +1 dagger
rCold   + . .      Faith    .   (no shield)
rNeg    . . .      Spirit   +   (helmet restricted)
rPois   +          Reflect  .   f - amulet of guardian spirit
rElec   +          Harm     .   (no ring)
rCorr   +          Rampage  .   (no ring)
Will    .....                   (no ring)
Stlth   +++.......              (no ring)
HPRegen 0.11/turn               (no ring)
MPRegen 0.11/turn               (no ring)
                                (no ring)
                                (no ring)

@: resistant, flying
A: almost no armour, amphibious, 8 rings, camouflage 1, gelatinous body 1,
(nimble swimmer 1), tentacles
a: no special abilities


You were on level 3 of the Dungeon.
You visited 1 branch of the dungeon, and saw 3 of its levels.

You collected 100 gold pieces.

Inventory:

Hand Weapons
 c - a +1 dagger (weapon)
Jewellery
 f - an amulet of guardian spirit (around mantle)
Wands
 g - a wand of digging (4)
Scrolls
 h - a scroll of identify
 i - a scroll of fog {unknown}
Potions
 a - a potion of magic
 b - 2 potions of brilliance


   Skills:
 + Level 1.5 Fighting
 + Level 2.5 Dodging
 + Level 3.6 Stealth
 + Level 2.4 Spellcasting
 + Level 1.9 Conjurations
 * Level 4.0 Fire Magic


You had 7 spell levels left.
You knew the following spells:

 Your Spells              Type           Power      Damage    Failure   Level
a - Foxfire               Conj/Fire      56%        2x1d6     4%          1

Your spell library contained the following spells:

 Spells                   Type           Power      Damage    Failure   Level
 Scorch                   Fire           36%        2d6       4%          2
 Conjure Flame            Conj/Fire      14%        6-21      13%         3
 Animate Skeleton         Necr           4%         N/A       16%         1
 Apportation              Tloc           4%         N/A       16%         1
 Summon Small Mammal      Summ           8%         N/A       16%         1
 Inner Flame              Hex/Fire       10%        N/A       21%         3
 Flame Wave               Conj/Fire      14%        2d6       41%         4
 Cause Fear               Hex            1%         N/A       83%         4
 Alistair's Intoxication  Tmut/Pois      1%         N/A       99%         5
 Summon Cactus Giant      Summ           1%         N/A       100%        6
 Dragon Form              Tmut           1%         N/A       100%        7
 Dragon's Call            Summ           1%         N/A       100%        9


Dungeon Overview and Level Annotations

Branches:
Dungeon (3/15)

Altars:
Elyvilon
Gozag
Hepliaklqana
Kikubaaqudgha
The Shining One

Shops:
D:1 (   D:2 (


Innate Abilities, Weirdness & Mutations

You cannot wear most types of armour.
You are amphibious.
You can wear up to eight rings at the same time.
Your skin changes colour to match your surroundings (Stealth+).
Your rubbery body absorbs attacks. (AC +1, EV +1)
((You are camouflaged when in or above water. (Stealth+)))
You have tentacles for arms and can constrict up to eight enemies at once.


Message History

The orc hits you with a +0 club.
You hit the orc.
The orc is heavily wounded.
You constrict the orc. The orc misses you.
You hit the orc.
You kill the orc!
You hear some strange, mumbled words.
A puff of flame appears from out of thin air!
The puff of flame hits you!
* * * LOW HITPOINT WARNING * * *
It was a potion of haste.
You feel yourself speed up. The orc barely misses you.
It was a potion of cancellation.
Your magical effects are unravelling.
You feel magically purged.
You feel yourself slow down.
You feel a little less clever now.
It was a potion of resistance.
You feel protected.
Okay, then.
An orc is nearby!
Okay, then.
Found a ruby potion and a scroll of identify.
Found a sedimented sapphire potion.
Found a stone staircase leading down.
A magic dart appears from out of thin air!
The magic dart hits you!
* * * LOW HITPOINT WARNING * * *
Found 8 gold pieces.
You see here a viscous pink potion.
d - a viscous pink potion
Okay, then.
It was a potion of flight.
You feel very buoyant.
You fly up into the air.
Casting: Foxfire (safe; 4% risk of failure)
Confirm with . or Enter, or press ? or * to list all spells.
You don't have enough magic to cast this spell.
Found a stone staircase leading down.
A magic dart appears from out of thin air!
The magic dart hits you.
You die...

..#....#.......#.##.# #?
.##P.._#.#.......##.#
.!.
.###.P##.#...#.####.#
..# .# .#.#..#...#.# #.#
##.. ..##### ##...#..
..# ..# ..# #.. ###
#####.# .### ..# #).
######.# #... .##
#...####......# #...
.>.....@.{.##.## ##...
....!.....>###)## ##....
...........# #o.###.....
#.$.#.########.....[....
#.. #. #............. #
#. #. #.#.).).##.###
..## # # #...#.####.#
...# ##.##.####.###
....# #.#..........


There were no monsters in sight!

Vanquished Creatures
  An orc priest (D:3)
  Jessica (D:2)
  2 adders
  A worm (D:2)
  2 orcs (D:3)
  3 endoplasms (D:1)
  2 giant cockroaches
  3 goblins (D:1)
  2 hobgoblins (D:2)
  6 jackals
  2 quokkas (D:1)
  3 ball pythons
  4 bats
  3 frilled lizards
  5 kobolds
  8 rats
48 creatures vanquished.

Vanquished Creatures (others)
  152 foxfires
152 creatures vanquished.

Grand Total: 200 creatures vanquished

Notes
Turn   | Place    | Note
-------+----------+-------------------------------------------
     0 | D:1      | kae the Octopode Fire Elementalist began the quest for the
                  | Orb.
     0 | D:1      | Reached XP level 1. HP: 11/11 MP: 3/3
   174 | D:1      | Reached XP level 2. HP: 15/18 MP: 0/5
   527 | D:1      | Found Gaulyph's Antique Weapon Boutique.
  1018 | D:1      | Reached XP level 3. HP: 17/22 MP: 3/6
  1363 | D:2      | Reached skill level 1 in Fighting
  1390 | D:2      | Found a faded altar of an unknown god.
  1479 | D:2      | Noticed Jessica
  1485 | D:2      | Killed Jessica
  1486 | D:2      | Reached XP level 4. HP: 28/28 MP: 3/7
  2027 | D:2      | Found Lyzomnoa's Antique Weapon Boutique.
  2374 | D:3      | Found an opulent altar of Gozag.
  2374 | D:3      | Found a hazy altar of Hepliaklqana.
  2377 | D:3      | Found an ancient bone altar of Kikubaaqudgha.
  2447 | D:3      | Found a glowing golden altar of the Shining One.
  2603 | D:3      | Found a white marble altar of Elyvilon.
  2636 | D:3      | Reached skill level 4 in Fire Magic
  2636 | D:3      | Reached XP level 5. HP: 24/33 MP: 2/8
  2660 | D:3      | Killed from afar by an orc wizard

Illustrated notes

Levels and vault maps discovered:
D:1:      wander_arrival_desolate, layout_loops_ring, serial_shops,
          nicolae_square_shop
D:2:      layout_basic, serial_shops, nicolae_shop_statue_plus,
          ebering_ecumenical_altar_abandoned, uniq_jessica
D:3:      layout_loops_cross, mainiacjoe_overflow_boulevard,
          mainiacjoe_overflow_catwalk, gammafunk_temple_overflow_forgotten,
          lemuel_flame_loot_1

Skill      XL: |  1  2  3  4 |
---------------+-------------+-----
Stealth        | 3 |  3.6
Fighting       | 1 |  1.5
Fire Magic     | 4 |  4.0
Dodging        | |  2.5
Spellcasting   | |  2.4
Conjurations   | |  1.9

Action                   |  1- 3 |  4- 6 || total
-------------------------+-------+-------++-------
Melee: Unarmed           |    16 |       ||    16
       Constrict         |     5 |     3 ||     8
       Tentacles         |     3 |     1 ||     4
       Dagger            |     5 |     9 ||    14
 Cast: Foxfire           |    59 |    33 ||    92
  Use: Scroll            |     2 |     3 ||     5
       Potion            |       |     6 ||     6
 Stab: Sleeping          |       |     2 ||     2
Armor: Skin              |     5 |     1 ||     6
Dodge: Dodged            |    12 |    14 ||    26

Table legend: (Time is in decaauts)
 A = Elapsed time spent in this place.
 B = Non-inter-level travel time spent in this place.
 C = Inter-level travel time spent in this place.
 D = Time resting spent in this place.
 E = Time spent auto-exploring this place.
 F = Levels seen in this place.
 G = Mean time per level.
                   A        B        C        D        E       F      G
               +--------+--------+--------+--------+--------+-----+--------+
         Total |   2658 |   2567 |     91 |      0 |   2191 |   3 |  886.0 |
       Dungeon |   2658 |   2567 |     91 |      0 |   2191 |   3 |  886.0 |
               +--------+--------+--------+--------+--------+-----+--------+

Top non-repeatable levels by time:
     D:1: 1270 daAuts
     D:2: 1080 daAuts
     D:3: 307 daAuts
